 Dungeon Crawl Stone Soup version 0.31-a0-1227-g0136665373 (webtiles) character file.

Game seed: 12607746743065029632

110 BubbleThief the Ruffian (level 4, -3/30 HPs)
             Began as an Octopode Shapeshifter on Dec 14, 2023.
             Slain by an orc
             ... wielding a +0 flail
              (7 damage)
             ... on level 3 of the Dungeon.
             The game lasted 00:02:38 (1215 turns).

BubbleThief the Ruffian (Octopode Shapeshifter)     Turns: 1215, Time: 00:02:39

Health: -3/30      AC:  1    Str: 15    XL:     4   Next: 91%
Magic:  4/4        EV: 13    Int: 12    God:
Gold:   82         SH:  0    Dex: 11    Spells: 3/3 levels left

rFire   . .          .
                       - Unarmed
rCold   . . .        (no shield)
rNeg    . . .        (helmet currently unavailable)
rPois   .            (no amulet)
rElec   .            (no ring)
rCorr   .            (no ring)
SInv    .            (no ring)
Will    .....        (no ring)
Stlth   ++           (no ring)
HPRegen 0.25/turn    (no ring)
MPRegen 0.09/turn    (no ring)
                     (no ring)

%: no passive effects
@: beast-form
A: beast (slay +2), almost no armour, amphibious, 8 rings, camouflage 1,
gelatinous body 1, (nimble swimmer 1), tentacles
a: Begin Untransformation


You were on level 3 of the Dungeon.
You were a hulking beast.
You visited 1 branch of the dungeon, and saw 3 of its levels.

You collected 82 gold pieces.

Inventory:

Talismans
 b - a beast talisman
 c - a flux talisman
Scrolls
 e - a scroll of immolation {unknown}
 f - a scroll of noise {unknown}
 h - 2 scrolls of identify {unknown}
 i - a scroll of torment {unknown}
 j - a scroll of teleportation {unknown}
Potions
 a - a potion of lignification
 d - a potion of curing {unknown}
 g - a potion of mutation {unknown}
 k - a potion of might {unknown}


   Skills:
 + Level 2.7 Fighting
 - Level 2.0 Dodging
 + Level 3.9 Unarmed Combat
 + Level 3.8 Shapeshifting


You had 3 spell levels left.
You didn't know any spells.
Your spell library was empty.

Dungeon Overview and Level Annotations

Branches:
Dungeon (3/15)

Altars:

Shops:
D:1 :

Annotations:
D:2 Sigmund


Innate Abilities, Weirdness & Mutations

You are a hulking beast.
Your limbs bulge with bestial killing power. (Slay +2)
You cannot wear most types of armour.
You are amphibious.
You can wear up to eight rings at the same time.
Your skin changes colour to match your surroundings (Stealth+).
Your rubbery body absorbs attacks. (AC +1, EV +1)
((You are camouflaged when in or above water. (Stealth+)))
You have tentacles for arms and can constrict up to eight enemies at once.


Message History

The orc is moderately wounded.
You constrict the orc. The orc barely misses you.
You tentacle-slap the orc but do no damage.
You squeeze the orc, but do no damage.
The orc is heavily wounded.
You constrict the orc.
You kill the orc!
The orc priest hits you with a +0 short sword.
An orc comes into view. It is wielding a +0 flail.
You tentacle-slap the orc priest. Your grab misses the orc priest.
The orc priest is moderately wounded.
An orc priest comes into view. It is wielding a +0 hand axe.
The orc priest hits you but does no damage.
The orc priest shouts!
You tentacle-slap the orc priest. Your grab misses the orc priest.
You squeeze the orc priest!
The orc priest is almost dead.
You hear an angry hiss.
You hear a shout!
A ball python comes into view.
The orc priest hits you with a +0 short sword.
You tentacle-slap the orc priest.
You kill the orc priest!
Unknown command.
You tentacle-slap the orc. You grab the orc.
The orc is heavily wounded.
You constrict the orc, but do no damage.
The orc struggles to escape constriction.
The orc priest calls down the wrath of Beogh upon you.
Beogh smites you!
Unknown command.
You tentacle-slap the orc but do no damage.
The orc is heavily wounded.
You constrict the orc. The orc hits you with a +0 flail!
* * * LOW HITPOINT WARNING * * *
Unknown command.
You tentacle-slap the orc priest. Your grab misses the orc priest.
The orc priest is moderately wounded.
You constrict the orc, but do no damage.
The orc hits you with a +0 flail!
You die...

# ... ##. ..
...#. .
#.#.####
..#......#
#........#
#....o..#####
#..Soh....>#
######
#.o#######.#
#....# #. #.#
#.##.#
#.###.##.#
#........#
#..#...###
#..#...#
#..#...#
#.)))#.#####


You could see an orc priest, 2 orcs and a ball python.

Vanquished Creatures
  An orc priest (D:3)
  Jessica (D:3)
  A worm (D:3)
  4 orcs (D:3)
  2 bats
  4 endoplasms
  A giant cockroach (D:1)
  5 goblins
  4 hobgoblins
  6 kobolds
  3 quokkas
  8 ball pythons
  2 frilled lizards (D:2)
  3 rats
45 creatures vanquished.

Notes
Turn   | Place    | Note
-------+----------+-------------------------------------------
     0 | D:1      | BubbleThief the Octopode Shapeshifter began the quest for
                  | the Orb.
     0 | D:1      | Reached XP level 1. HP: 13/13 MP: 1/1
    50 | D:1      | Found Did Roitwe's Book Shop.
    51 | D:1      | Noticed a walking earthen tome
    52 | D:1      | Noticed a walking divine tome
   199 | D:1      | Reached XP level 2. HP: 18/18 MP: 2/2
   443 | D:1      | Reached XP level 3. HP: 24/24 MP: 3/3
   859 | D:2      | Noticed Sigmund
  1099 | D:2      | Identified the +6 chain mail of Fortification {rPois rF-
                  | rCorr Int+4}
  1167 | D:3      | Noticed Jessica
  1169 | D:3      | Killed Jessica
  1170 | D:3      | Reached XP level 4. HP: 26/30 MP: 4/4
  1215 | D:3      | Slain by an orc

Illustrated notes

Levels and vault maps discovered:
D:1:      eino_arrival_water_cross, layout_loops_ring, serial_shops,
          nicolae_shop_mannequins
D:2:      layout_basic, dreamdust_ecumenical_altar_statues,
          minmay_randomly_rotated_circles, uniq_sigmund
D:3:      layout_basic, lightli_temple_of_fire, mainiacjoe_overflow_paths,
          lemuel_doored_altar, nicolae_qazlal_style_of_elements,
          kennysheep_another_room, palyth_stone_intersect, minivault_19,
          uniq_jessica, uniq_pargi, uniq_terence

Skill      XL: |  1  2  3 |
---------------+----------+-----
Fighting       | 2 |  2.7
Dodging        | |  2.0
Unarmed Combat | |  3.9
Shapeshifting  | |  3.8

Action                     |  1- 3 |  4- 6 || total
---------------------------+-------+-------++-------
  Melee: Unarmed           |    80 |     9 ||    89
         Constrict         |    21 |     2 ||    23
         Tentacles         |     7 |     3 ||    10
   Stab: Sleeping          |     6 |       ||     6
 Armour: Skin              |    31 |     6 ||    37
  Dodge: Dodged            |    46 |     2 ||    48

Table legend: (Time is in decaauts)
 A = Elapsed time spent in this place.
 B = Non-inter-level travel time spent in this place.
 C = Inter-level travel time spent in this place.
 D = Time resting spent in this place.
 E = Time spent auto-exploring this place.
 F = Levels seen in this place.
 G = Mean time per level.
                   A        B        C        D        E       F      G
               +--------+--------+--------+--------+--------+-----+--------+
         Total |   1208 |   1168 |     40 |    134 |    771 |   3 |  402.7 |
       Dungeon |   1208 |   1168 |     40 |    134 |    771 |   3 |  402.7 |
               +--------+--------+--------+--------+--------+-----+--------+

Top non-repeatable levels by time:
     D:1: 776 daAuts
     D:2: 341 daAuts
     D:3: 90 daAuts
